Map: Traitor's Exile

Players

ĀĘŖŐ

  • Race: Terran Terran
  • Spawn Location: 5:00

HakaïShin

  • Race: Terran Terran
  • Spawn Location: 6:00

PureLegacy - Winner!

  • Race: Terran Terran
  • Spawn Location: 9:00

Coppelia - Winner!

  • Race: Zerg Zerg
  • League: Bronze
  • Spawn Location: 12:00

VOD

Have the link to the VOD?

Description

Time

  • Played on: Dec. 4, 2018, 7:38 p.m.
  • Length: 16:42
Show
View Real Time Build Order
Export as new Build Order

ĀĘŖŐ Terran 

Build Orders: 1/1/1, Cyclone Opening, Mech 

Get SALT Encoding   

  12  0:02  SCV  
  13  0:14  SCV  
  13  0:18  Supply Depot  
  14  0:26  SCV  
  15  0:30  Refinery  
  15  0:40  SCV  
  16  0:46  Barracks  
  16  0:54  SCV  
  17  0:57  Refinery  
  17  1:06  SCV  
  18  1:19  SCV  
  19  1:33  Orbital Command  
  19  1:35  Marine  
  19  1:39  Factory  
  20  1:50  Supply Depot  
  20  1:54  Marine  
  20  1:59  SCV  
  22  2:11  SCV  
  22  2:12  Marine  
  24  2:23  Supply Depot, SCV  
  24  2:27  Starport  
  25  2:30  Factory Tech Lab  
  25  2:38  Marine  
  25  2:43  SCV  
  27  2:49  Liberator  
  27  2:50  Cyclone  
  30  2:57  Mag-Field Accelerator  
  30  2:59  SCV  
  34  3:13  Supply Depot  
  34  3:33  Command Center  
  34  3:36  SCV  
  35  3:43  Siege Tank  
  38  3:49  SCV  
  38  3:50  Starport Reactor  
  39  4:01  SCV  
  37  4:13  SCV  
  37  4:16  Liberator  
  38  4:23  Siege Tank  
  41  4:25  SCV  
  42  4:37  SCV  
  46  4:45  Armory  
  46  4:55  SCV  
  47  5:01  Refinery  
  47  5:02  Command Center  
  47  5:08  Refinery  
  47  5:10  Orbital Command  
  47  5:15  SCV  
  48  5:26  Siege Tank  
  48  5:27  SCV  
  49  5:35  Viking  
  49  5:39  Terran Vehicle Weapons Level 1, SCV  
  49  5:41  SCV  
  53  5:46  Supply Depot  
  53  5:51  SCV  
  54  5:58  SCV  
  54  5:59  Engineering Bay  
  54  6:02  Siege Tank  
  54  6:03  SCV  
  59  6:11  SCV  
  60  6:12  Factory  
  60  6:17  Orbital Command  
  60  6:20  Liberator  
  60  6:21  SCV  
  60  6:24  SCV  
  62  6:31  Viking  
  66  6:33  SCV  
  68  6:40  Missile Turret  
  68  6:45  SCV x2  
  68  6:46  SCV  
  71  6:47  Missile Turret  
  71  6:53  Missile Turret  
  71  6:57  SCV  
  73  7:01  SCV  
  73  7:02  SCV  
  73  7:06  Factory Tech Lab, Siege Tank  
  77  7:11  SCV  
  77  7:12  Factory  
  78  7:16  Factory  
  78  7:19  SCV  
  79  7:24  Armory  
  79  7:29  Missile Turret  
  79  7:30  Missile Turret  
  79  7:31  SCV  
  79  7:32  SCV x2  
  79  7:36  Supply Depot x2  
  82  7:43  SCV  
  85  7:44  Hellion  
  85  7:57  Orbital Command  
  85  7:58  Hellion  
  87  7:59  Factory, SCV  
  87  8:00  Factory  
  87  8:01  SCV  
  87  8:05  Supply Depot x2  
  89  8:06  Supply Depot  
  89  8:07  Factory Reactor, Factory Tech Lab  
  89  8:08  Liberator, Supply Depot  
  89  8:09  Liberator  
  89  8:10  Hellion  
  92  8:12  SCV  
  92  8:13  SCV  
  93  8:24  SCV, Siege Tank  
  103  8:28  SCV  
  103  8:32  SCV  
  105  8:37  SCV  
  105  8:40  SCV  
  107  8:44  SCV  
  107  8:45  Thor  
  114  8:51  SCV  
  114  8:52  SCV  
  115  8:56  SCV  
  116  9:03  SCV  
  117  9:11  Siege Tank x2  
  117  9:12  Hellion x2  
  117  9:14  Terran Vehicle And Ship Armor Level 1  
  117  9:16  Liberator, Orbital Command  
  125  9:32  Siege Tank  
  131  9:41  SCV x2  
  133  9:50  Supply Depot  
  133  9:54  Supply Depot, SCV x2  
  133  9:55  Supply Depot  
  133  9:56  Supply Depot x2  
  133  9:57  Factory Tech Lab  
  133  9:58  Factory Tech Lab  
  133  9:59  Supply Depot  
  135  10:01  SCV  
  135  10:06  SCV  
  137  10:10  Command Center  
  137  10:11  SCV  
  137  10:13  Refinery, SCV  
  139  10:14  Supply Depot x2  
  139  10:15  Refinery  
  139  10:17  Siege Tank x2  
  139  10:18  SCV  
  139  10:19  Siege Tank  
  149  10:23  SCV  
  149  10:25  SCV  
  151  10:30  SCV  
  151  10:31  Viking, Siege Tank  
  157  10:36  SCV  
  157  10:37  SCV  
  157  10:38  Viking  
  157  10:42  SCV  
  145  11:02  Orbital Command  
  115  11:11  Siege Tank  
  115  11:12  Hellion, Siege Tank x3  
  115  11:13  Hellion x2  
  119  11:31  Planetary Fortress  
  111  11:47  SCV  
  111  11:48  SCV x2  
  111  11:51  Siege Tank x2  
  111  11:52  Hellion x4  
  128  11:54  Refinery  
  128  11:58  Refinery, Terran Vehicle Weapons Level 2  
  128  12:00  Hellion, SCV  
  131  12:02  SCV  
  131  12:07  SCV  
  131  12:08  SCV  
  134  12:12  Refinery, SCV  
  134  12:13  Hellion x3  
  134  12:14  Hellion  
  134  12:15  Viking x2  
  147  12:22  SCV x2  
  147  12:25  SCV  
  145  12:31  Thor  
  151  12:42  Thor  
  148  12:48  SCV  
  149  12:51  SCV x2  
  149  12:52  SCV  
  149  12:55  Viking x2  
  156  13:00  SCV, Siege Tank  
  156  13:01  Hellion x2, Siege Tank  
  167  13:08  SCV x2  
  158  13:25  Viking x2, SCV x4  
  166  13:32  Sensor Tower  
  166  13:35  Command Center  
  166  13:36  Thor  
  166  13:39  Terran Vehicle And Ship Armor Level 2  
  172  13:46  Starport  
  166  14:01  Thor x2  
  178  14:17  Starport  
  178  14:18  Starport  
  178  14:27  SCV  
  167  14:41  Viking x2  
  167  14:42  Thor x2  
  167  14:43  Hellion x2  
  167  14:44  Hellion x3  
  189  14:56  Starport Reactor x2  
  189  15:04  Starport Reactor  
  189  15:13  Viking x2  
  187  15:14  Thor x2  
  167  15:56  SCV  
  168  16:00  Siege Tank x3  
Show
View Real Time Build Order
Export as new Build Order

HakaïShin Terran 

Build Orders: 1/1/1, Cyclone Opening, Mech 

Get SALT Encoding   

  12  0:01  SCV  
  13  0:13  SCV  
  14  0:18  Supply Depot  
  14  0:25  SCV  
  15  0:31  Refinery  
  15  0:40  SCV  
  16  0:46  Barracks  
  16  0:52  SCV  
  17  1:04  SCV  
  17  1:08  Refinery  
  18  1:16  SCV  
  19  1:29  SCV  
  20  1:33  Marine  
  20  1:38  Factory  
  21  1:41  Orbital Command  
  21  1:49  Supply Depot  
  21  1:53  Marine  
  22  2:07  SCV  
  23  2:11  Marine  
  24  2:19  SCV  
  24  2:22  Factory Tech Lab  
  25  2:24  Starport  
  25  2:29  Marine  
  26  2:32  SCV  
  27  2:44  Supply Depot, SCV  
  28  2:46  Cyclone  
  31  3:05  Medivac, SCV  
  34  3:13  Supply Depot  
  34  3:18  Cyclone  
  37  3:20  Liberator  
  37  3:32  SCV  
  41  3:45  SCV, Command Center  
  42  3:57  Cyclone, SCV  
  42  4:00  Barracks Reactor  
  46  4:04  Supply Depot  
  46  4:08  Liberator  
  46  4:09  SCV  
  47  4:25  SCV  
  48  4:40  SCV  
  46  4:56  Cyclone  
  49  5:00  Orbital Command  
  49  5:05  Factory  
  49  5:07  Command Center  
  49  5:16  SCV  
  49  5:19  Viking  
  52  5:24  Barracks Tech Lab  
  52  5:28  SCV  
  53  5:29  Engineering Bay  
  53  5:30  SCV  
  54  5:40  Cyclone  
  57  5:43  SCV  
  57  5:49  SCV  
  59  5:55  SCV  
  60  6:01  Orbital Command  
  61  6:10  Factory  
  60  6:14  Hellion x2  
  60  6:16  SCV  
  65  6:33  Refinery, SCV x2  
  67  6:41  Hellion x2  
  67  6:44  Siege Tank  
  67  6:45  SCV x2  
  75  6:57  SCV x2  
  74  7:02  Hellion  
  74  7:03  Hellion  
  78  7:14  Missile Turret  
  78  7:18  Missile Turret  
  78  7:21  SCV x2  
  81  7:23  Refinery, Orbital Command  
  80  7:33  SCV  
  80  7:34  SCV  
  80  7:35  Siege Tank  
  85  7:57  Supply Depot x2  
  85  7:59  Supply Depot  
  85  8:02  Infernal Pre-Igniter  
  85  8:05  Starport Reactor  
  85  8:11  Armory  
  85  8:13  Armory  
  85  8:19  Hellion x2, SCV x3, Siege Tank x2  
  98  8:26  Supply Depot  
  98  8:31  SCV x3  
  101  8:41  Hellion x2  
  105  8:43  SCV x3  
  108  8:51  Refinery, Siege Tank x2  
  108  8:52  Refinery  
  108  8:55  SCV x3  
  117  9:06  Sensor Tower  
  117  9:14  Factory  
  117  9:15  Terran Vehicle Weapons Level 1  
  117  9:17  Factory  
  117  9:18  SCV  
  117  9:30  Hellion  
  117  9:33  Hellion, SCV  
  117  9:36  Hellion  
  116  9:43  Command Center  
  116  9:47  Missile Turret x2, Barracks Reactor  
  116  9:48  Missile Turret  
  116  9:49  Terran Vehicle And Ship Armor Level 1  
  116  9:56  SCV  
  117  10:04  Sensor Tower  
  117  10:07  Factory Reactor, Factory Tech Lab  
  117  10:08  Missile Turret  
  117  10:16  Supply Depot  
  117  10:20  Supply Depot  
  117  10:22  Supply Depot  
  117  10:24  Hellion x3, SCV x2  
  125  10:30  Missile Turret  
  125  10:31  Supply Depot  
  125  10:34  Supply Depot x2  
  125  10:37  Siege Tank  
  125  10:39  Missile Turret  
  118  10:42  Missile Turret  
  118  10:45  Siege Tank  
  118  10:46  Hellion  
  90  11:01  Hellion, Siege Tank  
  90  11:02  Hellion x2  
  73  11:07  Hellion  
  73  11:09  Siege Tank  
  77  11:16  SCV x2  
  77  11:17  Siege Tank  
  82  11:23  Hellion x3  
  88  11:28  Hellion  
  88  11:30  Missile Turret  
  88  11:31  Missile Turret  
  90  11:33  Siege Tank  
  90  11:35  SCV x2  
  90  11:36  Missile Turret  
  90  11:39  Missile Turret  
  95  11:40  SCV  
  95  11:41  Siege Tank  
  95  11:44  Terran Vehicle Weapons Level 2, Terran Vehicle And Ship Armor Level 2  
  95  11:46  Hellion  
  95  11:47  Hellion x2  
  105  11:49  Siege Tank  
  105  11:53  Factory  
  108  11:56  Hellion  
  110  12:02  Missile Turret  
  110  12:05  Siege Tank  
  113  12:08  Viking x2  
  113  12:12  Hellion x2  
  113  12:14  Hellion  
  123  12:17  Hi-Sec Auto Tracking  
  123  12:26  Siege Tank x2  
  123  12:28  Hellion  
  131  12:37  Siege Tank  
  131  12:38  Missile Turret  
  134  12:46  Missile Turret  
  134  12:47  Sensor Tower, Missile Turret  
  134  12:50  Hellion  
  134  12:51  Hellion x3  
  142  12:55  Planetary Fortress  
  142  12:58  Siege Tank  
  142  12:59  Siege Tank  
  148  13:05  Supply Depot  
  148  13:09  Missile Turret  
  148  13:12  Missile Turret  
  148  13:14  Missile Turret  
  148  13:15  Hellion x4  
  148  13:16  Hellion  
  158  13:27  Missile Turret, Siege Tank  
  158  13:28  Hellion  
  158  13:31  Hellion x2  
  164  13:59  Viking x2  
  168  14:05  Starport x2  
  168  14:07  Starport  
  168  14:08  Starport  
  168  14:11  Missile Turret, Starport  
  168  14:13  Missile Turret  
  164  14:17  Missile Turret x2  
  155  14:27  SCV x3  
  155  14:28  SCV  
  155  14:29  Viking  
  161  14:39  SCV x2  
  161  14:40  Supply Depot x2  
  158  14:54  Missile Turret  
  88  15:18  Viking  
  88  15:19  Viking, Starport Tech Lab  
  88  15:20  Starport Reactor  
  88  15:21  Starport Reactor, Starport Tech Lab  
  82  15:33  Missile Turret  
  82  15:36  Missile Turret  
  82  15:38  SCV x2  
  82  15:39  Siege Tank x2  
  82  15:40  Refinery, Hellion x2, Siege Tank  
  82  15:41  Refinery, Hellion x4  
  105  15:43  Viking  
  107  15:53  Missile Turret  
  107  15:55  Viking  
  109  15:57  Viking  
  109  15:59  Viking  
  109  16:02  Hellion  
Show
View Real Time Build Order
Export as new Build Order

PureLegacy Terran - Winner!

Build Orders:  

Get SALT Encoding   

  12  0:03  SCV  
  13  0:16  SCV  
  14  0:21  Supply Depot  
  14  0:28  SCV  
  14  0:33  Refinery  
  15  0:43  SCV  
  15  0:48  Barracks  
  16  0:55  SCV  
  17  1:08  Barracks  
  17  1:21  Barracks  
  17  1:24  SCV  
  18  1:38  Reaper  
  19  1:43  Orbital Command  
  19  1:54  Refinery  
  19  1:59  Reaper  
  20  2:04  Supply Depot  
  20  2:17  Reaper  
  20  2:19  Reaper  
  22  2:24  SCV  
  22  2:27  Supply Depot  
  23  2:35  Reaper  
  23  2:48  SCV  
  25  2:57  Barracks Tech Lab  
  24  3:01  SCV  
  24  3:03  Barracks Reactor  
  25  3:08  Marine  
  25  3:10  Command Center  
  26  3:13  SCV  
  27  3:21  Marine  
  27  3:22  Stimpack  
  28  3:32  Barracks Reactor  
  26  3:36  Factory  
  26  3:43  Marine x3  
  26  3:45  SCV  
  30  4:05  Marine x2  
  30  4:06  Marine  
  30  4:08  Marine x2  
  33  4:23  Marine x2  
  33  4:24  Marine  
  30  4:36  Marine x2  
  30  4:38  SCV, Orbital Command  
  29  4:41  Marine x2  
  27  4:52  Factory Reactor  
  27  4:53  Starport  
  27  4:58  Marine x2  
  29  5:01  SCV  
  29  5:03  Marine  
  29  5:06  SCV  
  32  5:11  Marine x2  
  34  5:15  SCV  
  34  5:18  SCV  
  36  5:27  SCV  
  35  5:30  Marine x4  
  35  5:31  Marine  
  35  5:33  SCV  
  35  5:35  Combat Shield  
  40  5:40  SCV  
  41  5:45  SCV  
  41  5:48  Medivac x2  
  46  5:53  SCV  
  46  5:54  Supply Depot  
  47  5:57  Factory Tech Lab  
  47  5:58  SCV  
  48  6:05  SCV  
  48  6:11  SCV  
  50  6:16  Engineering Bay, Siege Tank  
  50  6:17  SCV  
  54  6:22  Marine x3  
  54  6:23  Marine x2  
  59  6:26  SCV  
  59  6:30  SCV  
  61  6:34  Supply Depot  
  61  6:38  SCV  
  62  6:43  Terran Infantry Weapons Level 1  
  62  6:47  Supply Depot x2  
  62  6:55  SCV x2  
  57  7:05  Marine x2, Marauder, Concussive Shells  
  57  7:06  Marine x2  
  57  7:07  SCV  
  62  7:11  Barracks  
  62  7:13  Barracks  
  62  7:14  SCV  
  63  7:19  Medivac x2, SCV  
  68  7:28  Marine x2  
  68  7:29  Marine x2  
  74  7:30  Marauder  
  74  7:31  SCV x2  
  76  7:37  Refinery  
  76  7:38  Refinery  
  76  7:48  SCV x2  
  76  7:50  Supply Depot, Engineering Bay, Armory  
  78  7:52  Marine x3  
  78  7:53  Marine  
  78  7:58  Marauder  
  84  8:03  SCV x2  
  84  8:05  Barracks Tech Lab x2  
  86  8:14  Supply Depot  
  86  8:18  Marine x2  
  86  8:19  Marine x2, Marauder  
  89  8:23  Medivac x2  
  93  8:32  Supply Depot  
  93  8:34  Marauder x2  
  97  8:40  Terran Infantry Weapons Level 2  
  97  8:41  Terran Infantry Armor Level 1  
  97  8:47  Marauder  
  101  9:06  Marine x3  
  101  9:07  Marine  
  101  9:09  Supply Depot  
  104  9:11  Command Center  
  94  9:32  Medivac  
  94  9:33  Medivac  
  98  9:46  Marauder x2  
  98  9:48  Marauder  
  98  9:50  SCV x2  
  106  10:02  Medivac, SCV  
  106  10:03  Medivac, Marine x4, SCV  
  116  10:10  Terran Ship Weapons Level 1  
  116  10:13  Armory  
  116  10:15  SCV x2  
  118  10:21  Starport  
  118  10:29  SCV x2  
  118  10:35  Viking x2  
  83  11:13  Marine  
  83  11:14  Marine x3, Marauder x3  
  83  11:17  Medivac x2  
  81  11:18  Starport Reactor  
  81  11:24  Orbital Command  
  81  11:27  Refinery x2  
  81  11:31  Marine x2, SCV x2  
  81  11:32  Marine x2  
  87  11:34  Command Center  
  87  11:36  Marauder  
  87  11:38  Terran Vehicle And Ship Armor Level 1  
  87  11:39  Starport  
  89  11:46  SCV x2  
  91  11:49  SCV  
  91  11:53  Viking x2  
  96  11:57  Fusion Core, Supply Depot  
  96  11:58  SCV  
  97  12:01  SCV x2  
  97  12:07  Viking  
  101  12:09  Viking  
  101  12:10  SCV  
  101  12:13  Terran Ship Weapons Level 2, SCV  
  101  12:14  SCV  
  106  12:18  Viking  
  108  12:23  SCV  
  108  12:25  Refinery, SCV  
  108  12:26  SCV  
  108  12:28  Refinery  
  111  12:31  Liberator x2  
  111  12:32  Viking  
  111  12:33  Liberator, Viking  
  111  12:35  SCV  
  116  12:37  SCV  
  116  12:38  SCV  
  116  12:39  Supply Depot  
  118  12:47  SCV  
  118  12:49  Advanced Ballistics  
  118  12:50  SCV  
  128  12:56  Sensor Tower, Orbital Command  
  128  12:58  SCV  
  128  12:59  SCV  
  128  13:04  SCV  
  131  13:09  Viking x2  
  131  13:10  SCV  
  136  13:14  Liberator, Marauder x2  
  140  13:30  Barracks x2  
  140  13:31  Supply Depot, Barracks  
  140  13:32  Supply Depot  
  143  13:36  Liberator x2  
  142  13:53  Viking x2  
  142  13:55  SCV x2  
  152  13:56  Liberator  
  152  14:01  Supply Depot, Marauder x2  
  156  14:06  Liberator  
  156  14:09  Terran Vehicle And Ship Armor Level 2  
  162  14:26  Marine x3, Barracks Tech Lab x3  
  162  14:27  Marine x2  
  162  14:28  Marauder  
  169  14:32  Marine  
  170  14:39  Liberator  
  170  14:43  Marine x2  
  174  14:45  Marauder  
  174  14:47  Marine  
  174  14:48  Marine x2, Marauder x2  
  181  14:56  Viking x2  
  152  15:15  Viking x2  
  150  15:21  Marine x4  
  150  15:22  Marine x2, Marauder x3  
  150  15:23  Starport  
  150  15:25  Starport  
  150  15:26  Viking  
  164  15:30  Command Center  
  164  15:35  Command Center  
  164  15:41  Viking x2  
  168  15:43  Marine x4  
  168  15:44  Marauder x2  
  168  15:47  Marine x2  
  178  15:54  Viking x2  
  182  16:17  Marine x4, Marauder x2  
  182  16:18  Marauder x3  
  196  16:20  Starport Reactor x2  
Show
View Real Time Build Order
Export as new Build Order

Coppelia Zerg - Winner!

Build Orders: Hatch First 

Get SALT Encoding   

  12  0:01  Drone  
  13  0:10  Drone  
  14  0:19  Overlord  
  14  0:37  Drone x3  
  17  0:50  Drone  
  18  1:00  Hatchery  
  18  1:02  Drone  
  18  1:04  Extractor  
  17  1:21  Spawning Pool  
  17  1:23  Drone  
  17  1:24  Drone  
  18  1:31  Drone  
  19  1:42  Overlord  
  19  2:03  Drone  
  19  2:08  Queen  
  20  2:09  Zergling x2  
  20  2:10  Metabolic Boost  
  20  2:11  Queen  
  20  2:14  Zergling x2  
  26  2:26  Drone x3  
  29  2:47  Hatchery  
  28  2:53  Queen  
  30  3:01  Queen  
  32  3:07  Overlord  
  32  3:10  Drone  
  33  3:13  Drone  
  34  3:22  Drone x2  
  34  3:24  Overlord  
  36  3:31  Drone x2  
  38  3:38  Zergling x6  
  41  3:43  Baneling Nest  
  40  3:55  Drone x2, Roach Warren  
  41  3:57  Drone  
  41  4:02  Drone x2  
  44  4:13  Drone x2  
  46  4:17  Drone x2  
  46  4:20  Spore Crawler  
  47  4:25  Drone x2  
  47  4:27  Lair  
  48  4:31  Drone  
  48  4:32  Spore Crawler, Extractor  
  47  4:44  Drone x3  
  50  4:47  Spore Crawler, Drone x3  
  50  4:50  Drone x2  
  54  4:56  Roach  
  54  4:58  Overlord x2  
  56  5:08  Extractor  
  56  5:11  Roach  
  57  5:18  Roach  
  57  5:19  Roach x6  
  71  5:23  Glial Reconstitution  
  71  5:30  Evolution Chamber  
  71  5:31  Evolution Chamber  
  71  5:35  Overlord  
  69  5:39  Drone x3, Extractor  
  69  5:40  Drone  
  72  6:02  Ravager x2  
  72  6:03  Ravager x3  
  77  6:04  Roach  
  77  6:06  Drone x2  
  77  6:08  Overlord x3  
  81  6:13  Extractor  
  80  6:26  Roach, Overlord x2  
  80  6:28  Roach x7  
  80  6:32  Drone x2  
  98  6:33  Drone  
  99  6:51  Zerg Missile Weapons Level 1, Zerg Ground Armor Level 1  
  99  6:57  Drone, Hydralisk Den  
  99  6:58  Drone  
  99  6:59  Drone  
  99  7:00  Drone x3  
  104  7:04  Drone x5  
  104  7:05  Extractor  
  108  7:16  Ravager x2  
  108  7:19  Ravager  
  108  7:20  Ravager  
  108  7:22  Drone x4  
  116  7:23  Drone, Overlord x2  
  117  7:33  Drone x2  
  117  7:34  Drone x2  
  117  7:35  Drone  
  122  7:38  Overlord x2  
  122  7:40  Pneumatized Carapace  
  122  7:46  Roach x3  
  128  7:53  Roach  
  128  7:54  Roach x2  
  134  8:05  Overlord x2  
  134  8:07  Overseer x2  
  134  8:10  Hatchery  
  133  8:16  Ravager  
  133  8:17  Roach x5  
  135  8:42  Drone x2, Infestation Pit  
  135  8:46  Hydralisk x5  
  135  8:47  Hydralisk  
  135  8:48  Roach x2  
  152  8:53  Hatchery  
  151  8:59  Roach x5  
  159  9:10  Zerg Missile Weapons Level 2  
  159  9:11  Zerg Ground Armor Level 2  
  158  9:37  Centrifical Hooks, Hive  
  158  9:40  Drone x6  
  158  9:42  Extractor  
  158  9:43  Extractor  
  158  9:45  Queen x2  
  166  9:54  Evolution Chamber  
  166  9:55  Spire  
  166  9:57  Spire  
  166  9:58  Queen  
  166  9:59  Drone x3  
  168  10:00  Overlord x3  
  168  10:07  Drone x2  
  170  10:27  Drone x2  
  170  10:28  Drone  
  173  10:33  Overlord x2  
  173  10:44  Grooved Spines, Zerg Melee Weapons Level 1  
  173  10:50  Drone x2, Evolution Chamber  
  173  10:51  Evolution Chamber, Viper x3  
  173  10:52  Viper x2  
  173  10:54  Evolution Chamber  
  160  11:21  Hydralisk x3  
  160  11:22  Hydralisk x3  
  172  11:30  Drone x3, Extractor  
  172  11:31  Extractor  
  163  11:44  Hydralisk x3  
  165  11:55  Overseer x2, Overlord x2  
  165  11:56  Muscular Augments, Drone  
  165  11:57  Drone x2  
  168  12:01  Drone  
  168  12:02  Drone  
  168  12:06  Greater Spire  
  168  12:07  Zerg Flyer Weapons Level 1  
  167  12:22  Hydralisk x4  
  168  12:23  Roach x3  
  176  12:45  Zerg Melee Weapons Level 2  
  176  12:46  Adrenal Glands, Zerg Ground Armor Level 3, Zerg Missile Weapons Level 3  
  176  13:01  Overseer x2  
  176  13:25  Drone x4  
  180  13:27  Evolution Chamber  
  180  13:28  Evolution Chamber  
  180  13:30  Evolution Chamber  
  180  13:32  Zerg Flyer Armor Level 1  
  177  13:38  Hydralisk x3  
  183  13:53  Overseer  
  183  13:55  Hydralisk x3  
  185  14:14  Spine Crawler  
  185  14:15  Spine Crawler x3  
  174  15:23  Corruptor x5  
  174  15:24  Corruptor x3  
  175  15:53  Corruptor x4  
  175  15:55  Brood Lord  
  175  15:56  Brood Lord x3  
  173  16:16  Brood Lord x2  
Tags
 
Add a new tag
Caveats
  • Supply blocks, unpowered buildings, or Contaminate may cause inaccurate times.
  • Supply counts are checked every 10 seconds.